MLB
ST. LOUIS CARDINALS @ MILWAUKEE BREWERS
07/04/2049
 
TOP OF THE 1ST
St. Louis Cardinals batting - Pitching for Milwaukee Brewers : LHP Danny Lawson
Pitching: LHP Danny Lawson
Batting: LHB Ichiro Toyota 0-0: Called Strike
0-1: SINGLE (Flyball, 8RS, EV 91.2 MPH)
Batting: RHB Melvin Enriquez 0-0: Ball
1-0: Foul Ball, location: 2F
1-1: Ball
2-1: Foul Ball, location: 2F
2-2: Grounds into double play, 6-4-3 (Groundball, 6M, EV 75.6 MPH)
Batting: SHB Antoine Roux 0-0: Called Strike
0-1: Ball
1-1: SINGLE (Line Drive, 56D, EV 102.5 MPH)
Batting: RHB Danny Gallo 0-0: Ball
1-0: Ball
2-0: Ball
3-0: Called Strike
3-1: Swinging Strike
3-2: Foul Ball, location: 2F
3-2: Base on Balls
Antoine Roux to second
Batting: SHB Chris Blue 0-0: Ball
1-0: Called Strike
1-1: Called Strike
1-2: Strikes out swinging
Top of the 1st over - 0 runs, 2 hits, 0 errors, 2 left on base; St. Louis 0 - Milwaukee 0
BOTTOM OF THE 1ST
Milwaukee Brewers batting - Pitching for St. Louis Cardinals : LHP Tsugunosuke Murakami
Pitching: LHP Tsugunosuke Murakami
Batting: LHB Jason Peck 0-0: Called Strike
0-1: Swinging Strike
0-2: Ball
1-2: Ball
2-2: Strikes out looking
Batting: RHB Akitada Nishizawa 0-0: Ball
1-0: Called Strike
1-1: Ball
2-1: Ball
3-1: Base on Balls
Batting: SHB Lewis Thorpe Jr. 0-0: Ball
1-0: Grounds into double play, 4-6-3 (Groundball, 4M, EV 88.1 MPH)
Bottom of the 1st over - 0 runs, 0 hits, 0 errors, 0 left on base; St. Louis 0 - Milwaukee 0
TOP OF THE 2ND
St. Louis Cardinals batting - Pitching for Milwaukee Brewers : LHP Danny Lawson
Batting: LHB Billy Guzman 0-0: Ball
1-0: Called Strike
1-1: SINGLE (Groundball, 6D, EV 103.1 MPH)
Batting: LHB Pat Sutton 0-0: Ball
1-0: Swinging Strike
1-1: Swinging Strike
1-2: Foul Ball, location: 2F
1-2: Ball
2-2: SINGLE (Line Drive, 89S, EV 87.5 MPH)
Billy Guzman to second
Batting: SHB Jason Kirby 0-0: Called Strike
0-1: Foul Ball, location: 2F
0-2: Strikes out swinging
Batting: LHB Armando Carbajal 0-0: Ball
1-0: Called Strike
1-1: Swinging Strike
1-2: Foul Ball, location: 2F
1-2: Strikes out swinging
Batting: LHB Ichiro Toyota 0-0: Ball
1-0: Foul Ball, location: 2F
1-1: Foul Ball, location: 2F
1-2: Strikes out looking
Top of the 2nd over - 0 runs, 2 hits, 0 errors, 2 left on base; St. Louis 0 - Milwaukee 0
BOTTOM OF THE 2ND
Milwaukee Brewers batting - Pitching for St. Louis Cardinals : LHP Tsugunosuke Murakami
Batting: RHB Joel Haycock 0-0: Ball
1-0: Ball
2-0: Ball
3-0: Called Strike
3-1: Swinging Strike
3-2: Foul Ball, location: 2F
3-2: Foul Ball, location: 2F
3-2: Base on Balls
Batting: SHB Junzo Kato 0-0: Ball
1-0: Ball
2-0: Grounds into double play, 1-4-3 (Groundball, P, EV 69.4 MPH)
Batting: RHB Dave Gonzalez 0-0: Ball
1-0: Hit by Pitch
Batting: RHB Daniel Donovan 0-0: Hit by Pitch
Dave Gonzalez to second
Batting: RHB Kisho Ito 0-0: Swinging Strike
0-1: Called Strike
0-2: Strikes out swinging
Bottom of the 2nd over - 0 runs, 0 hits, 0 errors, 2 left on base; St. Louis 0 - Milwaukee 0
TOP OF THE 3RD
St. Louis Cardinals batting - Pitching for Milwaukee Brewers : LHP Danny Lawson
Batting: RHB Melvin Enriquez 0-0: Ball
1-0: Ball
2-0: Foul Ball, location: 2F
2-1: Ball
3-1: Foul Ball, location: 2F
3-2: Ground out 6-3 (Groundball, 6, EV 83.1 MPH)
Batting: SHB Antoine Roux 0-0: Called Strike
0-1: Called Strike
0-2: Strikes out swinging
Batting: RHB Danny Gallo 0-0: Fly out, F8 (Flyball, 8LD, EV 105.0 MPH)
Top of the 3rd over - 0 runs, 0 hits, 0 errors, 0 left on base; St. Louis 0 - Milwaukee 0
BOTTOM OF THE 3RD
Milwaukee Brewers batting - Pitching for St. Louis Cardinals : LHP Tsugunosuke Murakami
Batting: RHB Naofumi Ishida 0-0: Ground out 2-3 (Groundball, 2R, EV 71.9 MPH)
Batting: LHB Jason Peck 0-0: Ball
1-0: Foul Ball, location: 2F
1-1: Swinging Strike
1-2: Foul Ball, location: 2F
1-2: Ball
2-2: Ground out U3 (Groundball, 34, EV 101.2 MPH)
Batting: RHB Akitada Nishizawa 0-0: Swinging Strike
0-1: Foul Ball, location: 2F
0-2: Ball
1-2: Strikes out looking
Bottom of the 3rd over - 0 runs, 0 hits, 0 errors, 0 left on base; St. Louis 0 - Milwaukee 0
TOP OF THE 4TH
St. Louis Cardinals batting - Pitching for Milwaukee Brewers : LHP Danny Lawson
Batting: SHB Chris Blue 0-0: Swinging Strike
0-1: Ball
1-1: Ball
2-1: SINGLE (Groundball, 6S, EV 65.0 MPH) (infield hit)
Batting: LHB Billy Guzman 0-0: Ball
1-0: Grounds into double play, U6-3 (Groundball, 4MD, EV 93.8 MPH)
Batting: LHB Pat Sutton 0-0: Called Strike
0-1: Ball
1-1: Foul Ball, location: 2F
1-2: Strikes out looking
Top of the 4th over - 0 runs, 1 hit, 0 errors, 0 left on base; St. Louis 0 - Milwaukee 0
BOTTOM OF THE 4TH
Milwaukee Brewers batting - Pitching for St. Louis Cardinals : LHP Tsugunosuke Murakami
Batting: SHB Lewis Thorpe Jr. 0-0: Ball
1-0: Foul Ball, location: 2F
1-1: Ball
2-1: Ball
3-1: Foul Ball, location: 2F
3-2: Foul Ball, location: 2F
3-2: Base on Balls
Batting: RHB Joel Haycock 0-0: Called Strike
0-1: Called Strike
0-2: Strikes out swinging
Batting: SHB Junzo Kato 0-0: Called Strike
0-1: Ball
1-1: Swinging Strike
1-2: Strikes out swinging
Batting: RHB Dave Gonzalez 0-0: DOUBLE (Line Drive, 9LM, EV 107.5 MPH)
Lewis Thorpe Jr. to third
Runner from 3rd tries for Home, SAFE, no throw by RF
Batting: RHB Daniel Donovan 0-0: Foul Ball, location: 2F
0-1: Fly out, F9 (Flyball, 89M, EV 89.4 MPH)
Bottom of the 4th over - 1 run, 1 hit, 0 errors, 1 left on base; St. Louis 0 - Milwaukee 1
TOP OF THE 5TH
St. Louis Cardinals batting - Pitching for Milwaukee Brewers : LHP Danny Lawson
Batting: SHB Jason Kirby 0-0: Ball
1-0: Called Strike
1-1: Called Strike
1-2: Foul Ball, location: 2F
1-2: Ball
2-2: Strikes out swinging
Batting: LHB Armando Carbajal 0-0: Ball
1-0: Ground out 4-3 (Groundball, 4S, EV 68.8 MPH)
Batting: LHB Ichiro Toyota 0-0: Swinging Strike
0-1: Swinging Strike
0-2: Ball
1-2: Ball
2-2: Ground out 5-3 (Groundball, 56S, EV 66.2 MPH)
Top of the 5th over - 0 runs, 0 hits, 0 errors, 0 left on base; St. Louis 0 - Milwaukee 1
BOTTOM OF THE 5TH
Milwaukee Brewers batting - Pitching for St. Louis Cardinals : LHP Tsugunosuke Murakami
Batting: RHB Kisho Ito 0-0: Swinging Strike
0-1: Ball
1-1: Ball
2-1: SOLO HOME RUN (Flyball, 78XD, EV 105.6 MPH), Distance : 411 ft
Batting: RHB Naofumi Ishida 0-0: Swinging Strike
0-1: Ball
1-1: Swinging Strike
1-2: Strikes out looking
Batting: LHB Jason Peck 0-0: Foul Ball, location: 2F
0-1: Ball
1-1: Fly out, F8 (Flyball, 8LD, EV 93.1 MPH)
Batting: RHB Akitada Nishizawa 0-0: Called Strike
0-1: Ball
1-1: Called Strike
1-2: Foul Ball, location: 2F
1-2: Strikes out looking
Bottom of the 5th over - 1 run, 1 hit, 0 errors, 0 left on base; St. Louis 0 - Milwaukee 2
TOP OF THE 6TH
St. Louis Cardinals batting - Pitching for Milwaukee Brewers : LHP Danny Lawson
Batting: RHB Melvin Enriquez 0-0: Called Strike
0-1: Called Strike
0-2: Ball
1-2: Ball
2-2: Ball
3-2: Ground out 5-3 (Groundball, 56S, EV 77.5 MPH)
Batting: SHB Antoine Roux 0-0: Ball
1-0: Ball
2-0: Foul Ball, location: 2F
2-1: Called Strike
2-2: Ground out 6-3 (Groundball, 6M, EV 102.5 MPH)
Batting: RHB Danny Gallo 0-0: Ball
1-0: Called Strike
1-1: Called Strike
1-2: Ball
2-2: DOUBLE (Line Drive, 89XD, EV 113.1 MPH)
Pitching: RHP Javy Uribe
Batting: SHB Chris Blue 0-0: Ball
1-0: Foul Ball, location: 2F
1-1: Ball
2-1: Called Strike
2-2: Ball
3-2: Base on Balls
Batting: LHB Billy Guzman 0-0: Ball
1-0: Called Strike
1-1: Called Strike
1-2: Ball
2-2: Foul Ball, location: 2F
2-2: Strikes out swinging
Top of the 6th over - 0 runs, 1 hit, 0 errors, 2 left on base; St. Louis 0 - Milwaukee 2
BOTTOM OF THE 6TH
Milwaukee Brewers batting - Pitching for St. Louis Cardinals : LHP Tsugunosuke Murakami
Batting: SHB Lewis Thorpe Jr. 0-0: Ball
1-0: Ball
2-0: Foul Ball, location: 2F
2-1: SINGLE (Groundball, 4MD, EV 107.5 MPH)
Batting: RHB Joel Haycock 0-0: Ball
1-0: Called Strike
1-1: Ball
2-1: Swinging Strike
2-2: Strikes out swinging
Batting: SHB Junzo Kato 0-0: Called Strike
0-1: Ball
1-1: Ball
Lewis Thorpe Jr. is caught stealing 2nd base 2-4
2-1: Ball
3-1: Base on Balls
Batting: RHB Dave Gonzalez 0-0: Foul Ball, location: 2F
0-1: Ball
1-1: Fielders Choice at 2nd, 6-4 (Groundball, 56, EV 91.9 MPH)
Bottom of the 6th over - 0 runs, 1 hit, 0 errors, 1 left on base; St. Louis 0 - Milwaukee 2
TOP OF THE 7TH
St. Louis Cardinals batting - Pitching for Milwaukee Brewers : RHP Javy Uribe
Batting: LHB Pat Sutton 0-0: Foul Ball, location: 2F
0-1: Ball
1-1: Ball
2-1: Foul Ball, location: 2F
2-2: Foul Ball, location: 2F
2-2: Fly out, F7 (Flyball, 78S, EV 83.8 MPH)
Batting: SHB Jason Kirby 0-0: Ball
1-0: Ball
2-0: Swinging Strike
2-1: Foul Ball, location: 2F
2-2: Strikes out looking
Batting: LHB Armando Carbajal 0-0: Called Strike
0-1: Ball
1-1: Called Strike
1-2: Strikes out swinging
Top of the 7th over - 0 runs, 0 hits, 0 errors, 0 left on base; St. Louis 0 - Milwaukee 2
BOTTOM OF THE 7TH
Milwaukee Brewers batting - Pitching for St. Louis Cardinals : LHP Tsugunosuke Murakami
Batting: RHB Daniel Donovan 0-0: Called Strike
0-1: Foul Ball, location: 2F
0-2: Ball
1-2: Ball
2-2: Fly out, F8 (Flyball, 8RM, EV 87.5 MPH)
Batting: RHB Kisho Ito 0-0: Swinging Strike
0-1: Ball
1-1: Ground out 3-1 (Groundball, 13, EV 83.8 MPH)
Batting: RHB Naofumi Ishida 0-0: Swinging Strike
0-1: SINGLE (Groundball, 56D, EV 102.5 MPH)
Batting: LHB Jason Peck 0-0: Called Strike
0-1: Called Strike
0-2: SINGLE (Groundball, 6MD, EV 103.8 MPH)
Naofumi Ishida to second
Runner from 2nd tries for 3rd, SAFE, throw by CF made to third
Pitching: RHP Joe Spencer
Batting: RHB Akitada Nishizawa 0-0: Called Strike
Jason Peck steals 2nd base
0-1: Swinging Strike
0-2: Ball
1-2: Hit by Pitch
Batting: SHB Lewis Thorpe Jr. 0-0: Foul Ball, location: 2F
0-1: Ball
1-1: Swinging Strike
1-2: Foul Ball, location: 2F
1-2: Fly out, F8 (Flyball, 8LM, EV 69.4 MPH)
Bottom of the 7th over - 0 runs, 2 hits, 0 errors, 3 left on base; St. Louis 0 - Milwaukee 2
TOP OF THE 8TH
St. Louis Cardinals batting - Pitching for Milwaukee Brewers : RHP Javy Uribe
Pitching: RHP Timóteo Metzener
Batting: LHB Ichiro Toyota 0-0: Called Strike
0-1: Ball
1-1: Swinging Strike
1-2: Foul Ball, location: 2F
1-2: Strikes out swinging
Batting: RHB Melvin Enriquez 0-0: Foul Ball, location: 2F
0-1: Called Strike
0-2: Foul Ball, location: 2F
0-2: Strikes out swinging
Batting: SHB Antoine Roux 0-0: Called Strike
0-1: Called Strike
0-2: Ground out 6-3 (Groundball, 6, EV 101.2 MPH)
Top of the 8th over - 0 runs, 0 hits, 0 errors, 0 left on base; St. Louis 0 - Milwaukee 2
BOTTOM OF THE 8TH
Milwaukee Brewers batting - Pitching for St. Louis Cardinals : RHP Joe Spencer
Batting: RHB Joel Haycock 0-0: Ball
1-0: Called Strike
1-1: Ball
2-1: Foul Ball, location: 2F
2-2: Ground out U3 (Groundball, 34, EV 91.2 MPH)
Batting: SHB Junzo Kato 0-0: Called Strike
0-1: Swinging Strike
0-2: Foul Ball, location: 2F
0-2: Ball
1-2: SOLO HOME RUN (Flyball, 7D, EV 100.0 MPH), Distance : 385 ft
Batting: RHB Dave Gonzalez 0-0: Ball
1-0: SINGLE (Flyball, 7S, EV 87.5 MPH)
Batting: RHB Daniel Donovan 0-0: Ball
1-0: Called Strike
1-1: SINGLE (Groundball, 5S, EV 72.5 MPH) (infield hit)
Dave Gonzalez to second
Batting: RHB Kisho Ito 0-0: Called Strike
0-1: Ball
1-1: Ball
2-1: SINGLE (Groundball, 13, EV 86.2 MPH) (infield hit)
Dave Gonzalez to third
Daniel Donovan to second
Batting: RHB Naofumi Ishida 0-0: Fly out, F9 (Flyball, 9LM, EV 86.2 MPH)
Batting: LHB Jason Peck 0-0: Ball
1-0: Foul Ball, location: 2F
1-1: Ball
2-1: Ball
3-1: Foul Ball, location: 2F
3-2: Foul Ball, location: 2F
3-2: Foul Ball, location: 2F
3-2: Fly out, F8 (Line Drive, 78M, EV 93.1 MPH)
Bottom of the 8th over - 1 run, 4 hits, 0 errors, 3 left on base; St. Louis 0 - Milwaukee 3
TOP OF THE 9TH
St. Louis Cardinals batting - Pitching for Milwaukee Brewers : RHP Timóteo Metzener
Batting: RHB Danny Gallo 0-0: Ball
1-0: Called Strike
1-1: Called Strike
1-2: Strikes out swinging
Batting: SHB Chris Blue 0-0: Called Strike
0-1: Ground out 5-3 (Groundball, 56, EV 102.5 MPH)
Batting: LHB Billy Guzman 0-0: Foul Ball, location: 2F
0-1: Called Strike
0-2: Ball
1-2: Ball
2-2: Foul Ball, location: 2F
2-2: Strikes out swinging
Top of the 9th over - 0 runs, 0 hits, 0 errors, 0 left on base; St. Louis 0 - Milwaukee 3
Sunday, July 16th , 2023 - OOTP Baseball 24.6 Build 69